 Dungeon Crawl Stone Soup version 0.31-b1-20-g67cafac56d (webtiles) character file.

Game seed: 5217431089108136906

363 CrabNicholson the Trooper (level 6, -7/49 HPs)
             Began as a Human Wanderer on Jan 17, 2024.
             Mangled by a gnoll
             ... wielding a +0 flail
             ... led by a gnoll sergeant
              (9 damage)
             ... on level 4 of the Dungeon.
             The game lasted 00:29:45 (3411 turns).

CrabNicholson the Trooper (Human Wanderer)          Turns: 3411, Time: 00:29:46

Health: -7/49      AC:  8    Str:  7 (9)  XL:     6   Next: 67%
Magic:  1/9        EV: 12    Int: 17      God:
Gold:   146        SH:  0    Dex: 13      Spells: 3/10 levels left

rFire   + . .        h - +2 longbow (drain)
rCold   . . .        (shield currently unavailable)
rNeg    . . .        c - +1 robe
rPois   .            (no helmet)
rElec   .            (no cloak)
rCorr   .            (no gloves)
SInv    .            (no boots)
Will    .....        (no amulet)
Stlth   ++           g - ring of protection from fire
HPRegen 0.28/turn    (no ring)
MPRegen 0.11/turn

%: no passive effects
@: ice-armoured
A: explore regen
a: no special abilities


You were on level 4 of the Dungeon.
You visited 1 branch of the dungeon, and saw 5 of its levels.

You collected 146 gold pieces.

Inventory:

Hand Weapons
 a - a +0 dagger
 e - a +0 sling
 h - a +2 longbow of draining (weapon)
 k - a +0 short sword of venom
Armour
 c - a +1 robe (worn)
 f - a +0 helmet
Jewellery
 g - a ring of protection from fire (left hand)
Scrolls
 j - a scroll of fog
Potions
 b - a potion of lignification
 i - a potion of degeneration


   Skills:
 + Level 4.3 Fighting
 + Level 0.1 Short Blades
 + Level 3.7 Ranged Weapons
 + Level 1.8 Dodging
 + Level 1.3 Stealth
 * Level 2.5 Spellcasting
 + Level 2.6 Conjurations
 + Level 0.2 Fire Magic
 + Level 2.2 Ice Magic


You had 3 spell levels left.
You knew the following spells:

 Your Spells              Type           Power      Damage    Failure   Level
a - Foxfire               Conj/Fire      28%        2x1d5     11%         1
b - Hailstorm             Conj/Ice       10%        3d6       21%         3
c - Ozocubu's Armour      Ice            9%         N/A       22%         3

Your spell library contained the following spells:

 Spells                   Type           Power      Damage    Failure   Level
 Freeze                   Ice            36%        1d5       8%          1
 Fugue of the Fallen      Necr           2%         N/A       50%         3
 Fulminant Prism          Conj/Alch      3%         3d5       71%         4
 Manifold Assault         Tloc           2%         N/A       88%         4
 Alistair's Intoxication  Alch           1%         N/A       99%         5
 Borgnjor's Vile Clutch   Necr/Erth      1%         N/A       99%         5
 Eringya's Noxious Bog    Alch           1%         4d6       100%        6


Dungeon Overview and Level Annotations

Branches:
Dungeon (5/15)
 Temple: D:4-7

Altars:
Elyvilon
Wu Jian
Zin
The Shining One

Shops:
D:1 !

Annotations:
D:5 Menkaure


Innate Abilities, Weirdness & Mutations

You regain HP and MP as you explore.


Message History

Okay, then.
As you read the scroll of fog, it dissolves into smoke.
The gnoll misses you. The gnoll completely misses you.
The gnoll closely misses you. The gnoll attacks as it pursues you!
The gnoll hits you with a +0 club.
* * * LOW HITPOINT WARNING * * *
Okay, then.
Okay, then.
Casting: Foxfire (safe; 11% risk of failure)
Confirm with . or Enter, or press ? or * to list all spells.
You don't know that spell.
Casting: Foxfire (safe; 11% risk of failure)
Confirm with . or Enter, or press ? or * to list all spells.
A film of ice covers your body! The gnoll barely misses you.
The gnoll closely misses you. The gnoll barely misses you.
Casting: Ozocubu's Armour (dangerous; 22% risk of failure)
Confirm with . or Enter, or press ? or * to list all spells.
You conjure some foxfire!
The gnoll hits you but does no damage. The gnoll hits you with a +0 club.
* * * LOW HITPOINT WARNING * * *
The gnoll hits you but does no damage.
Okay, then.
Fire: h) +2 longbow (drain)
Press: ? - help, Q - select action, (/) - cycle Shift-Dir - straight line, f - gnoll
Aim: a gnoll, wielding a +0 club (black smoke, ally target, 64% to hit)
You shoot an arrow. The arrow hits the gnoll.
The gnoll is heavily wounded.
The foxfire hits the gnoll.
The gnoll is heavily wounded.
The foxfire hits the gnoll but does no damage.
The gnoll is heavily wounded.
The gnoll hits you but does no damage. The gnoll misses you.
The gnoll barely misses you.
Fire: h) +2 longbow (drain)
Press: ? - help, Q - select action, (/) - cycle Shift-Dir - straight line, f/p - gnoll
Aim: a gnoll, wielding a +0 club (black smoke, heavily wounded, 64% to hit)
You shoot an arrow. The arrow hits the gnoll!
You kill the gnoll!
The gnoll hits you with a +0 flail!
You die...

# ## ...# # ...
###....# # .... #..
....# ####
....####.##.... ...#
<..§#§§§..... .#.##
#§§§§§.# .#..####
####§§§§§#
<......#.#..§§§gg§#
###.##.......§§§@§#
.# #.#..##§§§§# #
###...# #..§§#####
#.#..... #....#...#
# #.#.... #####..#
####..... ###.....##
<##.....####...#####
.##.###....(.###
....##....####


You could see 2 gnolls.

Vanquished Creatures
  A scorpion (D:4)
  A bombardier beetle (D:2)
  Jessica (D:3)
  3 iguanas
  3 adders
  8 gnolls
  3 ribbon worms
  A dart slug (D:1)
  2 orcs
  2 ball pythons
  3 bats (D:1)
  5 endoplasms
  2 giant cockroaches (D:1)
  3 goblins
  5 hobgoblins
  8 jackals (D:3)
  3 kobolds
  4 quokkas
  2 frilled lizards
  5 rats (D:1)
65 creatures vanquished.

Vanquished Creatures (collateral kills)
  A frilled lizard (D:2)
  A rat (D:2)
2 creatures vanquished.

Vanquished Creatures (others)
  58 foxfires
58 creatures vanquished.

Grand Total: 125 creatures vanquished

Notes
Turn   | Place    | Note
-------+----------+-------------------------------------------
     0 | D:1      | CrabNicholson the Human Wanderer began the quest for the
                  | Orb.
     0 | D:1      | CrabNicholson set off with the following items: a +0
                  | dagger, a potion of lignification, a +0 robe, a potion of
                  | mutation; and the following spells available to memorise:
                  | Freeze, Foxfire, Hailstorm, Ozocubu's Armour, Fulminant
                  | Prism.
     0 | D:1      | Reached XP level 1. HP: 18/18 MP: 2/2
     3 | D:1      | Learned a level 1 spell: Foxfire
   244 | D:1      | Reached XP level 2. HP: 24/24 MP: 1/3
   392 | D:1      | Found Juaruzo's Distillery.
   597 | D:1      | Reached skill level 1 in Ranged Weapons
   605 | D:1      | Reached XP level 3. HP: 29/29 MP: 4/4
  1357 | D:2      | Reached XP level 4. HP: 36/36 MP: 6/6
  1373 | D:2      | Learned a level 3 spell: Hailstorm
  1871 | D:2      | Identified a scroll of acquirement
  1871 | D:2      | Acquired a +2 longbow of draining
  2058 | D:2      | Reached skill level 4 in Fighting
  2058 | D:2      | Reached XP level 5. HP: 31/42 MP: 4/7
  2090 | D:2      | HP: 2/42 [gnoll/+0 whip (5)]
  2247 | D:3      | Learned a level 3 spell: Ozocubu's Armour
  2424 | D:3      | Noticed Jessica
  2434 | D:3      | Killed Jessica
  2619 | D:3      | Found a faded altar of an unknown god.
  2889 | D:5      | Entered Level 5 of the Dungeon
  2909 | D:5      | Found an ornate altar of the Wu Jian Council.
  2915 | D:5      | Noticed Menkaure
  2980 | D:4      | Reached XP level 6. HP: 48/48 MP: 7/9
  3058 | D:4      | Gained mutation: Your muscles are strong. (Str +4, Int/Dex
                  | -1) [potion of mutation]
  3058 | D:4      | Lost mutation: Your muscles are strong. (Str +4, Int/Dex
                  | -1) [potion of mutation]
  3104 | D:3      | Gained mutation: You are clumsy. (Dex -2) [potion of
                  | mutation]
  3104 | D:3      | Lost mutation: You are clumsy. (Dex -2) [potion of
                  | mutation]
  3188 | D:3      | Found a white marble altar of Elyvilon.
  3188 | D:3      | Found a glowing silver altar of Zin.
  3188 | D:3      | Found a glowing golden altar of the Shining One.
  3409 | D:4      | HP: 1/49 [gnoll/+0 club[a gnoll sergeant] (3)]
  3411 | D:4      | Mangled by a gnoll

Illustrated notes

Levels and vault maps discovered:
D:1:      giann_forest_graveyard, layout_loops_ring, serial_shops, shop
D:2:      layout_basic
D:3:      layout_basic, good_gods_mini_temple,
          shapermc_ecumenical_altar_totnotflames, uniq_jessica
D:4:      layout_rooms
D:5:      layout_basic, nicolae_overflow_hidden_temple,
          mainiacjoe_overflow_chevrons, old_standard_altar,
          kennysheep_windowed_goal, uniq_edmund, uniq_menkaure

Skill      XL: |  1  2  3  4  5 |
---------------+----------------+-----
Ranged Weapons | 1 2 3 |  3.7
Fighting       | 4 |  4.3
Spellcasting   | 2 |  2.5
Short Blades   | |  0.1
Dodging        | |  1.8
Stealth        | |  1.3
Conjurations   | |  2.6
Fire Magic     | |  0.2
Ice Magic      | |  2.2

Action                     |  1- 3 |  4- 6 || total
---------------------------+-------+-------++-------
  Melee: Dagger            |     9 |    57 ||    66
   Fire: Sling             |    74 |       ||    74
         Longbow           |       |    89 ||    89
   Cast: Foxfire           |    16 |    16 ||    32
         Hailstorm         |       |     7 ||     7
         Ozocubu's Armour  |       |     2 ||     2
    Use: Potion            |     3 |     5 ||     8
         Scroll            |     5 |     8 ||    13
 Armour: Robe              |    21 |    97 ||   118
  Dodge: Dodged            |    32 |   117 ||   149
